 Dungeon Crawl Stone Soup version 0.31-a0-182-gc5ef74bbde (webtiles) character file.

Game seed: 8527538465375341888

99 qw the Chopper (level 4, -3/28 HPs)
             Began as a Gargoyle Fighter on June 21, 2023.
             Slain by a gnoll
             ... wielding a +0 flail
              (7 damage)
             ... on level 3 of the Dungeon.
             The game lasted 00:00:45 (1735 turns).

qw the Chopper (Gargoyle Fighter)                   Turns: 1735, Time: 00:00:46

Health: -3/28      AC: 16    Str: 21    XL:     4   Next: 72%
Magic:  4/4        EV:  5    Int:  9    God:
Gold:   183        SH:  4    Dex:  9    Spells: 3/3 levels left

rFire   . . .        Y - +0 war axe
rCold   . . .        c - +0 buckler
rNeg    + . .        m - +0 plate armour
rPois   inf          (no helmet)
rElec   +            (no cloak)
rCorr   .            (no gloves)
SInv    .            g - +0 pair of boots
Will    .....        (no amulet) Stlth
                     (no ring)
HPRegen 0.24/turn    (no ring)
MPRegen 0.09/turn

%: no passive effects
@: no status effects
A: sickness immunity, AC +3, negative energy resistance 1, electricity
resistance, torment resistance 1, petrification resistance
a: no special abilities


You were on level 3 of the Dungeon.
You visited 1 branch of the dungeon, and saw 3 of its levels.

You collected 183 gold pieces.


Innate Abilities, Weirdness & Mutations

You are immune to sickness and miasma.
Your stone body is resilient. (AC +3)
You are immune to poison.
You resist negative energy. (rN+)
You are resistant to electric shocks. (rElec)
You are resistant to unholy torment.
You are immune to petrification.


   Skills:
 - Level 3.2 Fighting
 + Level 4.3 Axes
 - Level 3.2 Armour
 - Level 3.2 Shields


You had 3 spell levels left.
You didn't know any spells.
Your spell library was empty.

Inventory:

Hand Weapons
 b - a +0 whip
 Y - a +0 war axe (weapon)
Missiles
 h - 2 boomerangs (quivered)
Armour
 c - a +0 buckler (worn)
 g - a +0 pair of boots (worn)
 m - a +0 plate armour (worn)
Scrolls
 a - 2 scrolls of identify
Potions
 d - a potion of might
 e - a potion of lignification {unknown}
 f - 2 potions of resistance
 i - a potion of enlightenment {unknown}
 j - a potion of haste
 k - a potion of heal wounds
 l - a potion of degeneration {unknown}

Dungeon Overview and Level Annotations

Branches:
Dungeon (3/15)

Altars:
Dithmenos
Hepliaklqana


Message History

Found a long sword and a scroll labelled ETTUOMYHAXI.
Found a hazy altar of Hepliaklqana.
The gnoll shouts!
A gnoll comes into view. It is wielding a +0 spear.
Enter note:
1720 ||| Stepping ~*~*~tactically~*~*~ (hiding).
You start waiting.
A gnoll is nearby!
A gnoll comes into view. It is wielding a +0 flail.
The gnoll shouts!
You hear a shout!
The gnoll hits you from afar with a +0 spear.
The gnoll moves out of view.
Found a throwing net.
Found a shadowy altar of Dithmenos.
A gnoll comes into view. It is wielding a +0 spear.
The gnoll hits you but does no damage.
Enter note: You closely miss the gnoll.
The gnoll shouts! x2
The gnoll throws a throwing net.
The throwing net hits you.
You become entangled in the net!
The gnoll hits you but does no damage. x2
You struggle against the net.
The gnoll hits you with a +0 spear.
You struggle against the net.
The gnoll hits you with a +0 spear.
You struggle against the net.
The gnoll hits you but does no damage. x2
You rip the net and break free!
The gnoll hits you but does no damage. The gnoll hits you with a +0 spear.
The gnoll completely misses you.
You barely miss the gnoll. x2
The gnoll barely misses you. The gnoll hits you but does no damage.
You block the gnoll's attack. The gnoll hits you but does no damage.
You hit the gnoll but do no damage. x2
The gnoll hits you from afar with a +0 spear.
The gnoll barely misses you.
The gnoll hits you but does no damage. x2
You hit the gnoll but do no damage. You hit the gnoll.
The gnoll hits you from afar with a +0 spear. x2
The gnoll hits you with a +0 spear. The gnoll barely misses you.
The gnoll hits you with a +0 flail!
You die...

....?.. .......
.. ._..}). #.#
### .......
#.###.# ......_
.###
#.....##g.....
...# #.###.#g.g#
#.. #.###..@g#
####.##.#...##.#
#.........#.# .#
.###....##.# (#
...###.)####.#
.# #.......##.#
.# #.#####.##.#
.# .. #.##.##.#
. ## #.#...#


You could see 4 gnolls.

Vanquished Creatures
  A hound (D:2)
  2 adders (D:2)
  2 dart slugs (D:1)
  4 endoplasms
  4 giant cockroaches
  5 goblins
  4 hobgoblins
  2 quokkas
  8 ball pythons
  5 bats
  4 frilled lizards (D:1)
  3 kobolds
  2 rats (D:2)
46 creatures vanquished.

Notes
Turn   | Place    | Note
-------+----------+-------------------------------------------
     0 | D:1      | qw the Gargoyle Fighter began the quest for the Orb.
     0 | D:1      | Reached XP level 1. HP: 14/14 MP: 1/1
     0 | D:1      | 0 ||| qw: Version: 0.3-a-9-g12657ce
     0 | D:1      | 0 ||| qw: Game counter: 1546
     0 | D:1      | 0 ||| qw: Always use a shield: true
     0 | D:1      | 0 ||| qw: God list: Okawaru
     0 | D:1      | 0 ||| qw: Allow faded altars: false
     0 | D:1      | 0 ||| qw: Do Orc after D:15 true
     0 | D:1      | 0 ||| qw: Do second Lair branch before Depths: true
     0 | D:1      | 0 ||| qw: Lair rune preference: random
     0 | D:1      | 0 ||| qw: Plans: Normal, Zot:1-4, Slime:5, God:TSO, Crypt,
                  | Tomb, Abyss, Pan, Hells, Win
     0 | D:1      | 0 ||| PLANNING D:1-11
     8 | D:1      | 8 ||| Stepping ~*~*~tactically~*~*~ (hiding).
    14 | D:1      | Reached skill level 2 in Axes
    90 | D:1      | Reached XP level 2. HP: 19/19 MP: 2/2
   275 | D:1      | 275 ||| Stepping ~*~*~tactically~*~*~ (hiding).
   276 | D:1      | 276 ||| Stepping ~*~*~tactically~*~*~ (hiding).
   325 | D:1      | 325 ||| Stepping ~*~*~tactically~*~*~ (stealth).
   330 | D:1      | 330 ||| Stepping ~*~*~tactically~*~*~ (stealth).
   331 | D:1      | 331 ||| Stepping ~*~*~tactically~*~*~ (stealth).
   332 | D:1      | 332 ||| Stepping ~*~*~tactically~*~*~ (stealth).
   384 | D:1      | 384 ||| Stepping ~*~*~tactically~*~*~ (stealth).
   388 | D:1      | Reached skill level 3 in Axes
   490 | D:1      | Reached XP level 3. HP: 23/23 MP: 3/3
   596 | D:1      | 596 ||| UPGRADING to +0 chain mail.
   606 | D:1      | 606 ||| DROPPING +0 scale mail.
   607 | D:1      | 607 ||| READING 3 scrolls labelled ADEUME WARO.
   608 | D:1      | 608 ||| DRINKING 3 sapphire potions.
   609 | D:1      | 609 ||| DRINKING 2 silvery potions.
   610 | D:1      | 610 ||| READING 2 scrolls of identify.
   610 | D:1      | 610 ||| IDENTIFYING ruby potion
   728 | D:2      | Reached XP level 4. HP: 28/28 MP: 4/4
   781 | D:2      | 781 ||| DROPPING +0 club.
   824 | D:2      | Reached skill level 4 in Axes
  1054 | D:2      | 1054 ||| Stepping ~*~*~tactically~*~*~ (hiding).
  1532 | D:2      | 1532 ||| UPGRADING to +0 pair of boots.
  1537 | D:2      | 1537 ||| UPGRADING to +0 plate armour.
  1547 | D:2      | 1547 ||| DROPPING +0 chain mail.
  1570 | D:3      | 1570 ||| PLANNING SEWER
  1719 | D:3      | Found a hazy altar of Hepliaklqana.
  1720 | D:3      | 1720 ||| Stepping ~*~*~tactically~*~*~ (hiding).
  1727 | D:3      | Found a shadowy altar of Dithmenos.
  1735 | D:3      | HP: 7/28 [gnoll/+0 spear (2)]
  1735 | D:3      | Slain by a gnoll

Levels and vault maps discovered:
D:1:      ebering_hopf_link, layout_rooms, dk_noncrumbling_2
D:2:      layout_loops_ring, nrook_campfire
D:3:      layout_rooms, grunt_temple_overflow_open, portal_sewer_entry_d,
          serial_bayou_lagoon_a, nrook_mini_backslash

Skill      XL: |  1  2  3  4 |
---------------+-------------+-----
Axes           | 2 3 4 |  4.3
Fighting       | |  3.2
Armour         | |  3.2
Shields        | |  3.2

Action                     |  1- 3 |  4- 6 || total
---------------------------+-------+-------++-------
  Melee: War axe           |    59 |    40 ||    99
  Throw: Boomerang         |    21 |    42 ||    63
    Use: Scroll            |     2 |       ||     2
         Potion            |     2 |       ||     2
 Armour: Scale mail        |    29 |       ||    29
         Chain mail        |    11 |    26 ||    37
         Plate armour      |       |    11 ||    11
  Dodge: Dodged            |    19 |    13 ||    32
  Block: Buckler           |     6 |     8 ||    14

Table legend:
 A = Non-vault XP
 B = Vault XP
 C = Vault XP percentage of total XP
 D = Non-vault monster count
 E = Vault monster count
 F = Vault count percentage of total count
                 A         B        C        D         E       F
            +---------+---------+-------+---------+---------+-------
      Total |     142 |       0 |   0.0 |      46 |       0 |   0.0
            +---------+---------+-------+---------+---------+-------
        D:1 |      37 |       0 |   0.0 |      20 |       0 |   0.0
        D:2 |      94 |       0 |   0.0 |      20 |       0 |   0.0
        D:3 |      11 |       0 |   0.0 |       6 |       0 |   0.0
            +---------+---------+-------+---------+---------+-------
